 Dungeon Crawl Stone Soup version 0.22-a0-448-g1fb7470 (webtiles) character file.

527 DrEnzyme the Sneak (level 7, 0/45 HPs)
             Began as an Octopode Wanderer on June 4, 2018.
             Was an Initiate of Gozag.
             Slain by an ice beast (10 damage)
             ... on level 4 of the Dungeon.
             The game lasted 00:17:51 (5058 turns).

DrEnzyme the Sneak (Octopode Wanderer)              Turns: 5058, Time: 00:17:51

Health: 0/45       AC:  1    Str: 11    XL:     7   Next: 23%
Magic:  7/7        EV: 13    Int: 13    God:    Gozag
Gold:   230        SH:  0    Dex: 15    Spells: 5/6 levels left

rFire    . . .     SeeInvis +   a - +2 dagger
rCold    . . .     Gourm    .   (no shield)
rNeg     . . .     Faith    .   (helmet restricted)
rPois    .         Spirit   .   s - amulet of the acrobat
rElec    .         Reflect  .   w - ring of see invisible
rCorr    .         Harm     .   (no ring)
MR       .....                  (no ring)
Stlth    +++++.....             (no ring)
HPRegen  0.15/turn              (no ring)
MPRegen  0.10/turn              (no ring)
                                (no ring)
                                (no ring)

@: hasted, very quick
A: almost no armour, stealthy swim, amphibious, 8 rings, constrict 8, camouflage
1, gelatinous body 1
a: Potion Petition, Call Merchant, Bribe Branch, Renounce Religion


You were on level 4 of the Dungeon.
You worshipped Gozag.
Gozag was aware of your devotion.
You were very hungry.

You visited 1 branch of the dungeon, and saw 5 of its levels.

You collected 293 gold pieces.
You paid 63 gold pieces to Gozag.

Inventory:

Hand Weapons
 a - a +2 dagger (weapon)
 b - a +0 blowgun
 q - a cursed -2 dagger
Missiles
 d - 114 stones (quivered)
 o - 18 poisoned needles
Armour
 r - a +0 shield
Jewellery
 s - an amulet of the acrobat (around mantle)
 w - a ring of see invisible (left tentacle)
Scrolls
 c - 5 scrolls of teleportation
 g - a scroll of enchant weapon {unknown}
 i - a scroll of identify
 j - 3 scrolls of magic mapping {unknown}
 l - a scroll of remove curse {unknown}
 t - a scroll of amnesia {unknown}
 v - 2 scrolls of enchant armour {unknown}
Potions
 e - a potion of might
 h - 2 potions of heal wounds
 k - 2 potions of curing
 m - a potion of agility
 p - a potion of flight {unknown}
 u - a potion of berserk rage {unknown}
 x - a potion of degeneration {unknown}
Comestibles
 f - 6 rations


   Skills:
 + Level 2.0 Fighting
 * Level 2.8 Short Blades
 * Level 3.1 Throwing
 + Level 2.0 Dodging
 + Level 7.5 Stealth
 + Level 1.6 Shields
 + Level 3.2 Necromancy
   Level 2.4 Poison Magic


You had 5 spell levels left.
You knew the following spells:

 Your Spells              Type           Power        Failure   Level  Hunger
a - Pain                  Necr           #...         9%          1    ##.....

Your spell library contained the following spells:

 Spells                   Type           Power        Failure   Level  Hunger
 Throw Flame              Conj/Fire      #.....       43%         2    ###....
 Regeneration             Chrm/Necr      #.........   43%         3    ####...
 Searing Ray              Conj           #.....       43%         2    ###....


Dungeon Overview and Level Annotations

Branches:
Dungeon (5/15)             Temple (0/1) D:5

Altars:
Cheibriados
Dithmenos
Fedhas
Gozag
Kikubaaqudgha
Nemelex Xobeh
Trog

Annotations:
D:4 exclusion: downstairs
D:5 Menkaure; randomNumberGod's ghost, novice MiFi


Innate Abilities, Weirdness & Mutations

You cannot wear most types of armour.
You are very stealthy in the water. (Stealth+)
You are amphibious.
You can wear up to eight rings at the same time.
You can use your tentacles to constrict eight enemies at once.
Your skin changes colour to match your surroundings (Stealth+).
Your rubbery body absorbs attacks. (AC +1, EV +1)


Message History

i - a scroll of identify;
x - a metallic puce potion Wield which item (- for none, * to show all)? (? for menu, Esc to quit)
a - a +2 dagger (weapon)
The ice beast completely misses you.
You barely miss the ice beast. The ice beast hits you.
The ice beast freezes you!
You barely miss the ice beast. The ice beast hits you.
The ice beast freezes you!
There is a stone staircase leading up here.
The ice beast hits you. The ice beast freezes you!
* * * LOW HITPOINT WARNING * * *
You climb upwards.
Level annotation: exclusion: downstairs
There is a stone staircase leading down here.
Okay, then.
You feel yourself speed up. The ice beast hits you.
* * * LOW HITPOINT WARNING * * *
The ice beast freezes you!
You die...
Your body crumbles into a pile of gold.

#.# #.#
##################.###
.....................#
##################.#.#
#....#...#.....#.# #
#.##.#.#.#.#...#.#
#####.##.#.#.#.#...#.#
...............Y@..#.#
#####.####.#.#...#.#.#
## #......#.#.....#.#
.#########.#.#.<...#.#
.............#.###.#.#
..########...#.....#.#
......# #...#######.#
...##.# #...#.....#.#
.#.##.# #...#.###.#.#


You could see an ice beast.

Vanquished Creatures
  A centaur (D:5)
  A scorpion (D:4)
  Jessica (D:3)
  3 orc wizards (D:4)
  4 worker ants
  A hound skeleton (D:5)
  A howler monkey zombie (D:5)
  8 adders
  An ooze (D:2)
  An adder skeleton (D:4)
  2 dart slugs (D:3)
  3 leopard geckos
  3 orcs
  8 bats
  5 giant cockroaches
  11 hobgoblins
  5 jackals
  12 kobolds
  2 quokkas
  6 frilled lizards
  6 goblins
  A quokka skeleton (D:5)
  A quokka zombie (D:5)
  12 rats
99 creatures vanquished.

Vanquished Creatures (others)
  A human (D:4)
  A plant (D:3)
2 creatures vanquished.

Grand Total: 101 creatures vanquished

Notes
Turn   | Place    | Note
-------+----------+-------------------------------------------
     0 | D:1      | DrEnzyme the Octopode Wanderer began the quest for the Orb.
     0 | D:1      | DrEnzyme set off with: a +2 dagger, a potion of haste, a ration
     0 | D:1      | Reached XP level 1. HP: 11/11 MP: 1/1
   351 | D:1      | Reached XP level 2. HP: 17/17 MP: 2/2
   427 | D:1      | Reached skill level 5 in Stealth
   768 | D:1      | Reached XP level 3. HP: 21/21 MP: 3/3
   856 | D:2      | Learned a level 1 spell: Pain
  1197 | D:2      | Found a bloodstained altar of Trog.
  1251 | D:2      | Reached XP level 4. HP: 22/27 MP: 4/4
  1253 | D:2      | Found a snail-covered altar of Cheibriados.
  1292 | D:2      | Reached skill level 6 in Stealth
  1298 | D:2      | Reached skill level 1 in Short Blades
  1317 | D:2      | Found a blossoming altar of Fedhas.
  1541 | D:3      | Noticed Jessica
  2045 | D:3      | Killed Jessica
  2045 | D:3      | Reached skill level 1 in Fighting
  2045 | D:3      | Reached XP level 5. HP: 33/33 MP: 5/5
  2775 | D:4      | Reached skill level 7 in Stealth
  2899 | D:4      | Reached skill level 1 in Shields
  2899 | D:4      | Reached XP level 6. HP: 12/38 MP: 6/6
  3293 | D:4      | Found a sparkling altar of Nemelex Xobeh.
  3294 | D:4      | Found an opulent altar of Gozag.
  3420 | D:4      | Found an ancient bone altar of Kikubaaqudgha.
  3421 | D:4      | Noticed a human
  3424 | D:4      | Killed a human
  3791 | D:5      | Entered Level 5 of the Dungeon
  3899 | D:4      | Became a worshipper of Gozag Ym Sagoz the Greedy
  3943 | D:5      | Noticed randomNumberGod's ghost (novice MiFi)
  3944 | D:5      | Noticed an ice beast
  3953 | D:5      | Found a shadowy altar of Dithmenos.
  4315 | D:5      | Reached XP level 7. HP: 22/45 MP: 7/7
  4497 | D:5      | Found a staircase to the Ecumenical Temple.
  4843 | D:5      | Noticed Menkaure
  5058 | D:4      | Slain by an ice beast

Vault maps used:
D:1:      saegor_arrival_simple_c
D:2:      bloody_trog, lemuel_coloured_pillars_altar, cheibriados_altar_1
D:3:      lexackson_kobold_supper, uniq_jessica
D:4:      grunt_temple_overflow_opulence, tgw_kikubaaqudgha
D:5:      grunt_dithmenos_smoke_and_mirrors, temple_statues, first_ration,
          uniq_menkaure

Skill      XL: |  1  2  3  4  5  6  7 |
---------------+----------------------+-----
Stealth        | 5 6 7 |  7.5
Short Blades   | 1 2 |  2.8
Fighting       | 1 2 |  2.0
Shields        | 1 |  1.6
Throwing       | 2 3 |  3.1
Dodging        | 2 |  2.0
Necromancy     | |  3.2
Poison Magic   | |  2.4

Action                   |  1- 3 |  4- 6 |  7- 9 || total
-------------------------+-------+-------+-------++-------
Melee: Dagger            |    61 |   111 |    13 ||   185
       Constrict         |    18 |    24 |     3 ||    45
       Tentacles         |    12 |    13 |     3 ||    28
 Fire: Blowgun           |       |    40 |     7 ||    47
  Use: Scroll            |     2 |     4 |     1 ||     7
       Potion            |       |       |     1 ||     1
 Stab: Sleeping          |    14 |    14 |       ||    28
       Distracted        |       |     1 |       ||     1
  Eat: Chunk             |     1 |     7 |       ||     8
       Ration            |       |     1 |       ||     1
Armor: Skin              |     4 |     5 |       ||     9
Dodge: Dodged            |    28 |    86 |     7 ||   121

Table legend:
 A = Spawn XP
 B = Non-spawn XP
 C = Spawn XP percentage of total XP
 D = Spawn monster count
 E = Non-spawn monster count
 F = Spawn count percentage of total count
 G = Total turns spent on level
                    A         B        C        D         E        F      G
               +---------+---------+-------+---------+---------+-------+---------
         Total |       0 |     754 |   0.0 |       0 |      99 |   0.0 |  5058
               +---------+---------+-------+---------+---------+-------+---------
           D:1 |       0 |      36 |   0.0 |       0 |      22 |   0.0 |   880
           D:2 |       0 |      72 |   0.0 |       0 |      20 |   0.0 |   743
           D:3 |       0 |     102 |   0.0 |       0 |      30 |   0.0 |   948
           D:4 |       0 |     304 |   0.0 |       0 |      17 |   0.0 |  1625
           D:5 |       0 |     240 |   0.0 |       0 |      10 |   0.0 |   862
               +---------+---------+-------+---------+---------+-------+---------
